[Event "3rd Mersin Open 2018"]
[Site "Mersin"]
[Date "2018.09.14"]
[Round "7.12"]
[White "Zuberoglu, Ibrahim Berk"]
[Black "Hatirli, Ugur Can"]
[Result "1-0"]
[ECO "D79"]
[WhiteElo "1633"]
[BlackElo "1608"]
[Annotator "NA RC"]
[PlyCount "67"]
[EventDate "2018.09.09"]
[EventType "swiss"]
[EventCountry "TUR"]
[SourceTitle "playchess.com"]
[Source "ChessBase"]
[SourceQuality "1"]
[TimeControl "5400+30"]

1. Nf3 d5 2. c4 c6 3. g3 g6 4. Bg2 Bg7 5. cxd5 cxd5 6. d4 Nf6 7. Nc3 Nc6 8. O-O O-O 9. Ne5 e6 10. Nxc6 bxc6 11. Bf4 Nd7 12. e4 Qb6 13. Qa4 Bxd4 14. exd5 Ba6 15. Rfd1 Bxf2+ 16. Kh1 Bb5 17. Nxb5 cxb5 18. Qb3 e5 19. Bh6 Rfe8 20. Rf1 Rac8 21. d6 e4 22. Rxf2 Qxf2 23. Rf1 e3 24. Rxf2 exf2 25. Bf1 Rc5 26. Qf3 Rf5 27. Qc6 Nf6 28. d7 Nxd7 29. Qxd7 Rfe5 30. Kg2 R5e7 31. Qd4 Re5 32. Bxb5 f1=B+ 33. Kxf1 Re1+ 34. Kf2 1-0

[Event "3rd Mersin Open 2018"]
[Site "Mersin"]
[Date "2018.09.14"]
[Round "7.13"]
[White "Kiyak, Ali"]
[Black "Menken, Ekin"]
[Result "0-1"]
[ECO "B51"]
[WhiteElo "1580"]
[BlackElo "1706"]
[Annotator "NA RC"]
[PlyCount "84"]
[EventDate "2018.09.09"]
[EventType "swiss"]
[EventCountry "TUR"]
[SourceTitle "playchess.com"]
[Source "ChessBase"]
[SourceQuality "1"]
[TimeControl "5400+30"]

1. e4 c5 2. Nf3 d6 3. Bb5+ Nd7 4. d4 cxd4 5. Qxd4 a6 6. Bxd7+ Bxd7 7. Nc3 e5 8. Qd3 h6 9. Be3 Nf6 10. h3 Be7 11. O-O O-O 12. a4 Bc6 13. a5 Rc8 14. Rfd1 Qd7 15. Nd2 Qe6 16. Nc4 Nxe4 17. Nxe4 Bxe4 18. Qxe4 Rxc4 19. Qxb7 Rxc2 20. Qxa6 Rxb2 21. Rab1 Ra2 22. Rb6 Qf5 23. Qc4 Rxa5 24. Rb7 Re8 25. Qc6 Kf8 26. Ba7 Qc8 27. Qb6 Ra2 28. Rb1 Rc2 29. Qe3 Rc7 30. Rb8 Qd7 31. Rxe8+ Qxe8 32. Rb8 Rc8 33. Qb6 Rxb8 34. Bxb8 Qd7 35. Bc7 g6 36. g3 Kg7 37. Kg2 Qe6 38. Qc6 e4 39. Bb6 d5 40. Bd4+ Bf6 41. Bxf6+ Kxf6 42. Qc3+ Qe5 0-1